 Dungeon Crawl Stone Soup version 0.31-a0-654-gbe3e110b4e (webtiles) character file.

Game seed: 2517839081222385402

4468 zenocrate the Grappler (level 10, -10/58 HPs)
             Began as an Octopode Shapeshifter on Aug 29, 2023.
             Was an Initiate of Gozag.
             Mangled by a two-headed ogre
             ... wielding a +0 giant spiked club
              (16 damage)
             ... on level 7 of the Dungeon.
             The game lasted 00:08:14 (6930 turns).

zenocrate the Grappler (Octopode Shapeshifter)      Turns: 6930, Time: 00:08:15

Health: -10/58     AC:  5    Str: 15    XL:     10   Next: 37%
Magic:  10/10      EV: 15    Int: 14    God:    Gozag
Gold:   775        SH:  0    Dex: 13    Spells: 4/9 levels left

rFire   . .          .
                       - Unarmed
rCold   . . .        (shield currently unavailable)
rNeg    . . .        (helmet restricted)
rPois   .            (no amulet)
rElec   .            f - +4 ring of protection
rCorr   .            x - ring of wizardry
SInv    .            (no ring)
Will    .....        (no ring)
Stlth   +            (no ring)
HPRegen 0.29/turn    (no ring)
MPRegen 0.12/turn    (no ring)
                     (no ring)

%: wizardry (x1)
@: flux-form, glowing
A: glow, contaminating, almost no armour, amphibious, 8 rings, camouflage 1,
gelatinous body 1, (nimble swimmer 1), tentacles
a: Begin Untransformation, Renounce Religion, Potion Petition, Call Merchant,
Bribe Branch


You were on level 7 of the Dungeon.
You worshipped Gozag.
Gozag was pleased with you.
You were something dangerously unstable.
You visited 2 branches of the dungeon, and saw 8 of its levels.

You collected 867 gold pieces.
You paid 92 gold pieces to Gozag.

Inventory:

Missiles
 a - 3 throwing nets
 r - 14 poisoned darts (quivered)
 u - 5 boomerangs
Jewellery
 f - a +4 ring of protection (left tentacle)
 x - a ring of wizardry (right tentacle)
 z - a ring of ice
Talismans
 b - a beast talisman
 c - a flux talisman (active)
 h - a maw talisman
Wands
 w - a wand of paralysis (10)
Scrolls
 d - a scroll of enchant armour {unknown}
 e - 3 scrolls of vulnerability
 j - a scroll of revelation {unknown}
 m - a scroll of immolation {unknown}
 o - 4 scrolls of teleportation
 p - a scroll of summoning {unknown}
 q - a scroll of poison {unknown}
 t - a scroll of blinking {unknown}
 y - 2 scrolls of torment {unknown}
Potions
 g - 2 potions of attraction
 k - a potion of heal wounds
 l - a potion of curing
 n - a potion of might
 s - a potion of mutation
 v - a potion of resistance
 A - a potion of brilliance {unknown}


   Skills:
 - Level 1.0 Fighting
 - Level 6.1 Dodging
 + Level 10.2 Unarmed Combat
 + Level 1.7 Transmutations
 + Level 5.3 Evocations
 - Level 7.8 Shapeshifting


You had 4 spell levels left.
You knew the following spells:

 Your Spells              Type           Power      Damage    Failure   Level
a - Wereblood             Tmut           4%         N/A       9%          2
b - Ozocubu's Armour      Ice            0%         N/A       32%         3

Your spell library contained the following spells:

 Spells                   Type           Power      Damage    Failure   Level
 Shock                    Conj/Air       0%         1d3       12%         1
 Static Discharge         Conj/Air       0%         2-2/arc   17%         2
 Sublimation of Blood     Necr           0%         N/A       17%         2
 Stone Arrow              Conj/Erth      0%         3d7       32%         3
 Petrify                  Tmut/Erth      2%         N/A       58%         4
 Airstrike                Air            0%         2d(0-16)  71%         4
 Summon Lightning Spire   Summ/Air       0%         N/A       71%         4
 Irradiate                Conj/Tmut      1%         3d12      89%         5
 Metabolic Englaciation   Hex/Ice        0%         N/A       95%         5
 Summon Hydra             Summ           0%         N/A       100%        7
 Lehudib's Crystal Spear  Conj/Erth      0%         10d2      100%        8
 Animate Armour           Summ/Erth      Unusable   N/A       N/A         4
 Simulacrum               Ice/Necr       Unusable   N/A       N/A         6

Dungeon Overview and Level Annotations

Branches:
Dungeon (7/15)             Temple (1/1) D:5

Altars:
Dithmenos
Elyvilon
Fedhas
Gozag
Hepliaklqana
Makhleb
Okawaru
Qazlal
Ru
Trog
Uskayaw
Vehumet
Wu Jian
Yredelemnul
Zin
Lugonu

Shops:
D:5 (   D:6 :

Annotations:
D:6 2 transporters


Innate Abilities, Weirdness & Mutations

You are something dangerously unstable.
You glow with magical radiation, making you easy to see and hit.
Foes you strike become dangerously contaminated with magical radiation.
You are incapable of wielding weapons or throwing items.
You cannot wear most types of armour.
You are amphibious.
You can wear up to eight rings at the same time.
Your skin changes colour to match your surroundings (Stealth+).
Your rubbery body absorbs attacks. (AC +1, EV +1)
((You are camouflaged when in or above water. (Stealth+)))
You have tentacles for arms and can constrict up to eight enemies at once.


Message History

You closely miss the phantom.
The phantom is heavily damaged.
The phantom hits you.
The phantom blinks!
You blink.
There are monsters nearby!
You tentacle-slap the phantom.
The phantom shudders as magic cascades through it!!
You destroy the phantom!
A gnoll sergeant is nearby!
The gnoll sergeant barely misses you.
The gnoll sergeant hits you with a +2 heavy spear!
You closely miss the gnoll sergeant. You grab the gnoll sergeant.
You constrict the gnoll sergeant. You tentacle-slap the gnoll sergeant.
The gnoll sergeant begins to glow.
The gnoll sergeant is moderately wounded.
You constrict the gnoll sergeant, but do no damage.
The gnoll sergeant hits you with a +2 heavy spear.
You tentacle-slap the gnoll sergeant.
The gnoll sergeant glows dangerously bright.
You squeeze the gnoll sergeant.
The gnoll sergeant is moderately wounded.
You constrict the gnoll sergeant.
You tentacle-slap the gnoll sergeant but do no damage.
The gnoll sergeant shudders as magic cascades through it!
The gnoll sergeant twists and deforms.
The gnoll sergeant is severely wounded.
You constrict the gnoll sergeant.
The gnoll sergeant hits you with a +2 heavy spear!
You tentacle-slap the gnoll sergeant.
You kill the gnoll sergeant!
A two-headed ogre comes into view.
It is wielding a +0 giant spiked club and a +0 giant club.
A two-headed ogre is nearby!
Items here: $ )) [[.
A two-headed ogre is nearby!
The two-headed ogre shouts in stereo!
The two-headed ogre hits you with a +0 giant spiked club!!
Ouch! That really hurt!
* * * LOW HITPOINT WARNING * * *
The two-headed ogre hits you with a +0 giant club!
You die...
Your body crumbles into a pile of gold.

..#.♣♣♣.#♣♣.W.........♣ ♣...♣#..
..#♣...♣# ######'########♣...♣#)#
..#♣...♣#♣♣.♣♣#...#.♣.♣.#♣...♣#).
..#.♣♣♣.♣♣.♣.♣♣...♣♣.♣.♣♣♣...♣#..
....♣ ♣...♣♣♣['>8<'.♣.♣..........
..#.♣♣♣.♣♣.♣.♣♣...♣♣.♣.♣♣♣...♣#..
..#♣...♣#♣♣.♣♣#...#.♣.♣.#♣...♣#.#
..#♣...♣########'########♣...♣#.#
..#.♣♣♣.#...♣..[BO..♣...#♣...♣#.#
..#.♣ ♣.#.♣.♣.♣$♣.♣.♣.♣.#♣♣(♣♣#.#
#.#.♣♣♣.#.♣.♣.♣.♣.♣.♣.♣.# ♣.♣ #.#
#.#♣...♣#♣♣.♣.♣.♣.♣.♣.♣♣# ♣.♣ #.#
##### ♣...♣..$♣...♣ ######.######
♣♣.♣♣♣..)♣♣♣.♣♣ #♣.~.♣.~~~.♣.~.♣#
#.~~~.#~~~#.~~~.#


You could see a two-headed ogre.

Vanquished Creatures
  A boulder beetle (D:7)
  Jeremiah (D:6)
  A kobold demonologist (D:7)
  A troll (D:6)
  Grinder (D:6)
  A slime creature (D:6)
  A wyvern (D:7)
  Grum (D:5)
  2 vampire mosquitoes (D:7)
  Duvessa (D:6)
  2 orc warriors
  A sky beast (D:7)
  A wolf (D:5)
  2 phantoms
  A bullfrog (D:7)
  2 gnoll sergeants
  3 scorpions
  Dowan (D:6)
  A howler monkey (D:7)
  2 jellies
  10 hounds
  6 orc priests
  4 gnoll boudas
  A sleepcap (D:6)
  Jessica (D:2)
  4 iguanas
  4 orc wizards
  16 gnolls
  2 shadow imps
  2 white imps (D:7)
  2 worms (D:2)
  A dart slug (D:1)
  14 orcs
  5 endoplasms
  4 giant cockroaches
  5 goblins
  11 hobgoblins
  8 jackals
  4 kobolds
  3 quokkas (D:2)
  4 ball pythons
  8 bats
  2 frilled lizards (D:1)
  4 rats
  A spectral goblin (D:6)
153 creatures vanquished.

Notes
Turn   | Place    | Note
-------+----------+-------------------------------------------
     0 | D:1      | zenocrate the Octopode Shapeshifter began the quest for the
                  | Orb.
     0 | D:1      | Reached XP level 1. HP: 13/13 MP: 1/1
    61 | D:1      | Reached XP level 2. HP: 18/18 MP: 2/2
   157 | D:1      | Reached XP level 3. HP: 16/23 MP: 3/3
  1050 | D:2      | Noticed Jessica
  1058 | D:2      | Killed Jessica
  1059 | D:2      | Reached XP level 4. HP: 24/28 MP: 4/4
  1236 | D:3      | Found a bloodstained altar of Trog.
  1667 | D:3      | Learned a level 3 spell: Ozocubu's Armour
  1690 | D:3      | Found a faded altar of an unknown god.
  1705 | D:3      | Got Plato's Verses on Power
  1939 | D:4      | Noticed a scorpion
  1949 | D:4      | Killed a scorpion
  1950 | D:4      | Reached skill level 4 in Unarmed Combat
  1950 | D:4      | Reached XP level 5. HP: 33/33 MP: 5/5
  2280 | D:3      | Reached XP level 6. HP: 13/38 MP: 6/6
  2807 | D:5      | Entered Level 5 of the Dungeon
  2830 | D:5      | Reached skill level 5 in Shapeshifting
  2833 | D:5      | Reached skill level 5 in Unarmed Combat
  2836 | D:5      | Reached XP level 7. HP: 25/43 MP: 7/7
  2977 | D:5      | Found Eliz's Antique Weapon Boutique.
  3191 | D:5      | Noticed Grum
  3198 | D:5      | Killed Grum
  3517 | D:5      | Found a staircase to the Ecumenical Temple.
  3548 | Temple   | Entered the Ecumenical Temple
  3563 | Temple   | Became a worshipper of Gozag Ym Sagoz the Greedy
  3761 | D:5      | Reached XP level 8. HP: 41/48 MP: 8/8
  3879 | D:5      | Reached skill level 6 in Unarmed Combat
  4295 | D:6      | Found a radiant altar of Vehumet.
  4346 | D:6      | Noticed Jeremiah
  4366 | D:6      | Killed Jeremiah
  4367 | D:6      | Reached skill level 5 in Dodging
  4531 | D:6      | Found Kugihae's Self-Improvement Boutique.
  4537 | D:6      | Noticed Duvessa
  4541 | D:6      | Noticed Dowan
  4548 | D:6      | Killed Duvessa
  4549 | D:6      | Reached skill level 7 in Unarmed Combat
  4551 | D:6      | Killed Dowan
  4551 | D:6      | Noticed Grinder
  4699 | D:6      | Killed Grinder
  4700 | D:6      | Reached XP level 9. HP: 42/53 MP: 9/9
  4875 | D:6      | Found a blossoming altar of Fedhas.
  5201 | D:6      | Learned a level 2 spell: Wereblood
  5273 | D:6      | Found a transporter.
  5302 | D:6      | Found a transporter.
  5317 | D:6      | Found a burning altar of Makhleb.
  5611 | D:6      | Found a hazy altar of Hepliaklqana.
  5675 | D:7      | Reached skill level 1 in Evocations
  5804 | D:7      | Found a hide-covered altar of Uskayaw.
  5889 | D:7      | Reached skill level 8 in Unarmed Combat
  6195 | D:7      | Noticed a kobold demonologist
  6199 | D:7      | Noticed a boulder beetle
  6199 | D:7      | Noticed a troll
  6203 | D:7      | Killed a kobold demonologist
  6231 | D:6      | Killed a troll
  6232 | D:6      | Reached skill level 9 in Unarmed Combat
  6237 | D:6      | Reached XP level 10. HP: 30/58 MP: 10/10
  6394 | D:7      | Killed a boulder beetle
  6395 | D:7      | Reached skill level 10 in Unarmed Combat
  6669 | D:7      | Reached skill level 5 in Evocations
  6717 | D:7      | Reached skill level 1 in Transmutations
  6928 | D:7      | Noticed a two-headed ogre
  6930 | D:7      | Mangled by a two-headed ogre

Illustrated notes

Levels and vault maps discovered:
D:1:      nzn_arrival_settlement, layout_basic
D:2:      layout_rooms, uniq_jessica
D:3:      layout_basic, lemuel_doored_altar,
          shapermc_ecumenical_altar_rom_forum, nicolae_twisty_statue_hallways
D:4:      layout_basic, kennysheep_generic_room_12
D:5:      layout_cave_pools, minmay_temple_entry_proselytizer,
          serial_gnoll_camp, gnoll_camp_mini_shop, gnoll_camp_mini_hut,
          grums_kennel, gnoll_camp_medium_01, gnoll_camp_mini_doghouse,
          moated_statue
D:6:      gammafunk_cloud_chamber, layout_cave_pools, bloody_makhleb,
          nicolae_hepliaklqana_monster_ancestors, fedhas_altar_3,
          mainiacjoe_overflow_alcove_4, nicolae_shop_self_help, uniq_grinder,
          uniq_jeremiah, uniq_duvessa
D:7:      nzn_winding_woodlands_stair_cross [nzn_winding_woodlands_5x15_default,
          nzn_winding_woodlands_center_pierced_h,
          nzn_winding_woodlands_5x15_longhouse,
          nzn_winding_woodlands_5x5_checkerboard,
          nzn_winding_woodlands_5x5_closed_star,
          nzn_winding_woodlands_5x15_sidewinder,
          nzn_winding_woodlands_center_triple_pond,
          nzn_winding_woodlands_5x15_zeroes], layout_cave_pools,
          marbit_many_paths, minmay_liquid_box
Temple:   corrupted_temple

Skill      XL: |  1  2  3  4  5  6  7  8  9 10 |
---------------+-------------------------------+-----
Dodging        | 3 5 6 |  6.1
Unarmed Combat | 4 5 7 9 10 | 10.2
Shapeshifting  | 4 5 6 7 |  7.8
Evocations     | 4 5 |  5.3
Transmutations | 1 |  1.7
Fighting       | |  1.0

Action                     |  1- 3 |  4- 6 |  7- 9 | 10-12 || total
---------------------------+-------+-------+-------+-------++-------
  Melee: Unarmed           |    81 |    76 |   193 |    56 ||   406
         Tentacles         |    14 |     9 |    50 |    12 ||    85
         Constrict         |    20 |    13 |    47 |     9 ||    89
         Punch             |     2 |     3 |    11 |       ||    16
  Throw: Dart              |       |       |     1 |       ||     1
  Evoke: Wand              |       |       |     2 |       ||     2
    Use: Scroll            |       |     1 |     4 |     1 ||     6
         Potion            |       |     1 |     6 |       ||     7
   Stab: Sleeping          |     7 |     4 |     4 |       ||    15
         Paralysed         |       |       |     1 |       ||     1
 Armour: Skin              |    13 |    31 |    55 |     5 ||   104
  Dodge: Dodged            |    57 |    49 |   114 |    24 ||   244
   Form: Flux              |       |       |     1 |       ||     1

Table legend: (Time is in decaauts)
 A = Elapsed time spent in this place.
 B = Non-inter-level travel time spent in this place.
 C = Inter-level travel time spent in this place.
 D = Time resting spent in this place.
 E = Time spent auto-exploring this place.
 F = Levels seen in this place.
 G = Mean time per level.
                   A        B        C        D        E       F      G
               +--------+--------+--------+--------+--------+-----+--------+
         Total |   6888 |   6729 |    159 |    399 |   5216 |   8 |  861.0 |
       Dungeon |   6858 |   6728 |    130 |    399 |   5216 |   7 |  979.7 |
        Temple |     30 |      2 |     28 |      0 |      0 |   1 |   30.0 |
               +--------+--------+--------+--------+--------+-----+--------+

Top non-repeatable levels by time:
     D:6: 1657 daAuts
     D:5: 1424 daAuts
     D:7: 975 daAuts
     D:3: 963 daAuts
     D:1: 670 daAuts
     D:4: 667 daAuts
     D:2: 498 daAuts
  Temple: 30 daAuts
